 Dungeon Crawl Stone Soup version 0.20.0-8-g6b59dc7 (webtiles) character file.

1092 Hasart the Skirmisher (level 8, -1/55 HPs)
             Began as an Octopode Fighter on June 2, 2017.
             Was an Initiate of Gozag.
             Slain by Menkaure (22 damage)
             ... on level 6 of the Dungeon.
             The game lasted 00:13:45 (5465 turns).

Hasart the Skirmisher (Octopode Fighter)            Turns: 5465, Time: 00:13:46

Health: -1/55      AC:  1    Str: 18    XL:     8   Next: 31%
Magic:  8/8        EV: 13    Int: 10    God:    Gozag
Gold:   493        SH: 12    Dex: 13    Spells: 7/7 levels left

rFire    . . .     SeeInvis .   a - +0 flail
rCold    . . .     Gourm    .   b - +1 shield
rNeg     . . .     Faith    .   (helmet restricted)
rPois    .         Spirit   .   i - +2 amulet of reflection
rElec    .         Reflect  +   w - +2 ring of dexterity
rCorr    +         Harm     .   x - ring of resist corrosion
MR       .....                  (no ring)
Stlth    ++++......             (no ring)
Regen    0.2/turn               (no ring)
MPRegen  0.2/turn               (no ring)
                                (no ring)
                                (no ring)

@: no status effects
A: almost no armour, stealthy swim, amphibious, 8 rings, constrict 8, camouflage
1, gelatinous body 1
a: Potion Petition, Call Merchant, Bribe Branch, Renounce Religion


You were on level 6 of the Dungeon.
You worshipped Gozag.
Gozag was aware of your devotion.
You were not hungry.

You visited 2 branches of the dungeon, and saw 7 of its levels.

You collected 548 gold pieces.
You paid 55 gold pieces to Gozag.

Inventory:

Hand Weapons
 a - a +0 flail (weapon)
 t - a +0 blowgun
Missiles
 m - 9 poisoned javelins (quivered)
 u - 74 poisoned needles
Armour
 b - a +1 shield (worn)
Jewellery
 i - a +2 amulet of reflection (around mantle)
 w - a +2 ring of dexterity (left tentacle)
 x - a ring of resist corrosion (right tentacle)
Wands
 j - a wand of lightning (4/15)
 E - a wand of enslavement (12/24)
Scrolls
 g - 5 scrolls of remove curse
 h - a scroll of enchant armour
 l - 2 scrolls of immolation {unknown}
 n - 7 scrolls of identify {unknown}
 r - a scroll of enchant weapon {unknown}
 y - 3 scrolls of blinking {unknown}
 A - a scroll of amnesia {unknown}
Potions
 c - 2 potions of might
 e - 2 potions of ambrosia {unknown}
 k - 2 potions of flight {unknown}
 o - a potion of agility {unknown}
 p - 5 potions of heal wounds {unknown}
 q - a potion of magic {unknown}
 s - a potion of cancellation {unknown}
 v - 3 potions of curing {unknown}
 z - 2 potions of lignification {unknown}
 C - a potion of mutation {unknown}
 F - a potion of brilliance {unknown}
Books
 B - a book of Callings

   Spells                             Type                      Level
   a - Summon Small Mammal            Summoning                    1
   b - Call Imp                       Summoning                    2
   c - Call Canine Familiar           Summoning                    3
   d - Summon Guardian Golem          Hexes/Summoning              3
   e - Summon Lightning Spire         Summoning/Air                4
   f - Summon Ice Beast               Ice/Summoning                4
Comestibles
 d - a bread ration
 f - 4 royal jellies
 D - 2 meat rations


   Skills:
 + Level 5.0 Fighting
 * Level 5.0 Maces & Flails
 + Level 3.1 Throwing
 + Level 4.4 Dodging
 + Level 4.5 Stealth
 + Level 4.9 Shields
 + Level 1.0 Evocations


You had 7 spell levels left.
You didn't know any spells.

Dungeon Overview and Level Annotations

Branches:
Dungeon (6/15)             Temple (1/1) D:4

Altars:
Fedhas
Gozag
Kikubaaqudgha
Trog

Annotations:
D:6 Menkaure


Innate Abilities, Weirdness & Mutations

You cannot wear most types of armour.
You are very stealthy in the water. (Stealth+)
You are amphibious.
You can wear up to eight rings at the same time.
You can use your tentacles to constrict eight enemies at once.
Your skin changes colour to match your surroundings (Stealth+).
Your rubbery body absorbs attacks. (AC +1, EV +1)


Message History

Things that are here:
a quarterstaff of chaos; a cloak
There is an open door here.
Menkaure, Prince of Dust comes into view.
Menkaure is nearby!
Menkaure shouts!
You block Menkaure's attack.
You thump Menkaure! Your grab misses Menkaure.
Menkaure is moderately damaged.
Menkaure hits you!
You hit Menkaure but do no damage. You grab Menkaure.
Menkaure is moderately damaged.
You constrict Menkaure.
Menkaure calls on the powers of darkness!
Your body is wracked with pain!
You hit Menkaure.
Menkaure is heavily damaged.
You constrict Menkaure. Menkaure hits you!!
You die...
Your body crumbles into a pile of gold.

........# #..
#.......P........## #.. $
#.....8...........###..
#................§§##.. #
#..........#....#§P§...
.#.#..........#....§PP.P§.
....................§P§P§§
....##....M...#...#.§§§§§§
.........@....#.....<#.###
..............##.###.#..8.
..............##.#...#.P..
........########.#.#...8..
#######.# #.#.#...P.. #.#
#.#.#....## #.#
######.#........ #####
♣♣##.# #.........#.####
#)..#♣♣
♣♣.'..###.........#..##<


You could see Menkaure.

Vanquished Creatures
  A necrophage (D:6)
  An ice beast (D:5)
  A wyvern zombie (D:6)
  2 scorpions
  A centaur zombie (D:6)
  2 crimson imps (D:5)
  2 hounds (D:4)
  2 orc priests
  2 orc wizards
  Crazy Yiuf (D:6)
  2 bullfrog skeletons
  Natasha (D:3)
  An iguana (D:6)
  A worker ant (D:6)
  Terence (D:3)
  2 worker ant zombies (D:6)
  10 gnolls (D:4)
  7 adders
  A shadow imp (D:5)
  4 worms
  3 dart slugs
  5 leopard geckos
  5 orcs
  13 bats
  4 giant cockroaches
  7 goblins
  5 hobgoblins
  8 jackals
  12 kobolds
  2 quokkas (D:3)
  A frilled lizard (D:3)
  A jackal skeleton (D:6)
  A jackal zombie (D:6)
  A leopard gecko skeleton (D:6)
  A leopard gecko zombie (D:6)
  A quokka skeleton (D:6)
  A quokka zombie (D:6)
  3 rats
119 creatures vanquished.

Vanquished Creatures (others)
  An orc wizard (D:4)
1 creature vanquished.

Grand Total: 120 creatures vanquished

Notes
Turn   | Place    | Note
-------+----------+-------------------------------------------
     0 | D:1      | Hasart the Octopode Fighter began the quest for the Orb.
     0 | D:1      | Reached XP level 1. HP: 16/16 MP: 1/1
   126 | D:1      | Reached XP level 2. HP: 20/21 MP: 2/2
   401 | D:1      | Reached XP level 3. HP: 24/26 MP: 3/3
   982 | D:2      | Reached skill level 1 in Stealth
  1341 | D:2      | Reached XP level 4. HP: 30/32 MP: 4/4
  1895 | D:3      | Reached XP level 5. HP: 22/37 MP: 5/5
  1898 | D:3      | Noticed Terence
  1915 | D:3      | Killed Terence
  2032 | D:3      | Reached skill level 1 in Throwing
  2298 | D:3      | Noticed Natasha
  2303 | D:3      | Killed Natasha
  2369 | D:3      | Found a faded altar of an unknown god.
  2505 | D:4      | Reached XP level 6. HP: 19/43 MP: 6/6
  3032 | D:4      | Found a staircase to the Ecumenical Temple.
  3042 | Temple   | Entered the Ecumenical Temple
  3093 | Temple   | Became a worshipper of Gozag Ym Sagoz the Greedy
  3455 | D:4      | Reached XP level 7. HP: 33/49 MP: 7/7
  3851 | D:5      | Entered Level 5 of the Dungeon
  4815 | D:6      | Reached XP level 8. HP: 41/54 MP: 8/8
  5347 | D:6      | Reached skill level 5 in Maces & Flails
  5427 | D:6      | Found a runed door.
  5432 | D:6      | Noticed Crazy Yiuf
  5435 | D:6      | Killed Crazy Yiuf
  5435 | D:6      | Reached skill level 5 in Fighting
  5435 | D:6      | Reached skill level 1 in Evocations
  5458 | D:6      | Noticed Menkaure
  5465 | D:6      | Slain by Menkaure

Skill      XL: |  1  2  3  4  5  6  7  8 |
---------------+-------------------------+-----
Stealth        | 1 2 3 4 |  4.5
Maces & Flails | 3 4 5 |  5.0
Throwing       | 1 2 3 |  3.1
Fighting       | 4 5 |  5.0
Shields        | 4 |  4.9
Dodging        | 4 |  4.4
Evocations     | 1 |  1.0

Action                   |  1- 3 |  4- 6 |  7- 9 || total
-------------------------+-------+-------+-------++-------
Melee: Flail             |    66 |   104 |    92 ||   262
       Constrict         |    23 |    30 |    25 ||    78
       Tentacles         |    12 |    25 |    21 ||    58
 Fire: Blowgun           |       |     4 |       ||     4
Throw: Javelin           |       |       |     2 ||     2
  Use: Scroll            |       |     3 |       ||     3
 Stab: Sleeping          |     9 |     8 |     6 ||    23
       Distracted        |       |     1 |       ||     1
  Eat: Chunk             |     1 |     5 |       ||     6
       Meat ration       |       |     1 |       ||     1
       Fruit             |       |       |     2 ||     2
       Bread ration      |       |       |     1 ||     1
Armor: Skin              |     5 |     2 |     2 ||     9
Dodge: Dodged            |    20 |    36 |    32 ||    88
Block: Shield            |    28 |    59 |    66 ||   153
       Reflection        |       |     3 |       ||     3
